 Dungeon Crawl Stone Soup version 0.29-a0-284-gf9362112df (webtiles) character file.

Game seed: 17578153828706984365

468 kae the Ruffian (level 6, -18/50 HPs)
             Began as a Draconian Transmuter on Mar 15, 2022.
             Succumbed to a gnoll's poison
             ... on level 4 of the Dungeon.
             The game lasted 00:02:33 (3721 turns).

kae the Ruffian (Draconian Transmuter)              Turns: 3721, Time: 00:02:34

Health: -18/50     AC:  2    Str: 13    XL:     6   Next: 81%
Magic:  2/10       EV: 20    Int: 15    God:
Gold:   137        SH:  0    Dex: 16    Spells: 3/11 levels left

rFire   + . .      SeeInvis .     - Unarmed
rCold   . . .      Faith    .   (shield currently unavailable)
rNeg    . . .      Spirit   .   (body armour unavailable)
rPois   x          Reflect  .   (helmet currently unavailable)
rElec   .          Harm     .   (cloak currently unavailable)
rCorr   .          Rampage  .   (gloves currently unavailable)
Will    .....                   (boots currently unavailable)
Stlth   +.........              (no amulet)
HPRegen 0.16/turn               d - ring of protection from fire
MPRegen 0.12/turn               (no ring)

@: lethally poisoned (-18 -> -116), spider-form (expiring), very slightly
contaminated
A: venomous fangs, AC +6, tiny, unfitting armour, (cold-blooded)
a: End Transformation


You were on level 4 of the Dungeon.
You were a venomous arachnid creature.
You visited 1 branch of the dungeon, and saw 4 of its levels.

You collected 137 gold pieces.

Inventory:

Jewellery
 d - a ring of protection from fire (left front leg)
Wands
 g - a wand of flame (16)
Scrolls
 b - a scroll of enchant armour
 c - a scroll of identify
Potions
 a - 2 potions of lignification
 e - 2 potions of magic
 f - 3 potions of haste
 i - 2 potions of flight


   Skills:
 + Level 2.9 Fighting
 + Level 2.7 Dodging
 * Level 4.7 Unarmed Combat
 + Level 3.0 Spellcasting
 * Level 3.9 Transmutations
 * Level 0.2 Ice Magic
 - Level 2.0 Poison Magic


You had 3 spell levels left.
You knew the following spells:

 Your Spells              Type           Power      Damage    Failure   Level
a - Beastly Appendage     Tmut           28%        N/A       13%         1
b - Spider Form           Tmut/Pois      11%        N/A       36%         3
c - Ice Form              Ice/Tmut       8%         N/A       82%         4

Your spell library contained the following spells:

 Spells                   Type           Power      Damage    Failure   Level
 Wereblood                Tmut           14%        N/A       17%         2


Dungeon Overview and Level Annotations

Branches:
Dungeon (4/15)
 Temple: D:4-7

Altars:
Makhleb

Annotations:
D:3 1 runed translucent door, earlgrey's ghost, amateur DEHu


Innate Abilities, Weirdness & Mutations

You are a venomous arachnid creature.
You have poisonous fangs.
You are tiny and dextrous.
Your spellcasting is less reliable in this form.
Your armour is entirely melded.
You are incapable of wielding weapons or throwing items.
((Your plain brown scales are hard. (AC +6)))
You cannot fit into any form of body armour.
((You are cold-blooded and may be slowed by cold attacks.))


Message History

Things that are here:
a +0 club; a +0 leather armour No target in view!
No target in view! 2 gnolls come into view.
A gnoll is wielding a +1 flail of venom.
The gnoll shouts!
The gnoll misses you. The gnoll hits you with a +0 spear!
The gnoll completely misses you.
The gnoll hits you with a +1 flail of venom.
You are poisoned.
You hit the gnoll.
The gnoll is poisoned.
The gnoll is moderately wounded.
Your transformation is almost over.
You feel very sick. The gnoll misses you. The gnoll barely misses you.
The gnoll hits you with a +1 flail of venom.
You are lethally poisoned!
You are too injured to fight recklessly!
You are too injured to fight recklessly!
You are too injured to fight recklessly!
You are too injured to fight recklessly!
You are too injured to fight recklessly!
You are too injured to fight recklessly!
You hit the gnoll.
The gnoll looks as sick as possible!
The gnoll is almost dead.
You feel extremely sick. The gnoll hits you with a +0 spear.
* * * LOW HITPOINT WARNING * * *
The gnoll barely misses you.
The gnoll hits you with a +1 flail of venom.
* * * LOW HITPOINT WARNING * * *
You are more poisoned.
The gnoll attacks as you move away!
The gnoll hits you with a +1 flail of venom!
* * * LOW HITPOINT WARNING * * *
You are more poisoned.
The gnoll attacks as you move away! The gnoll hits you with a +0 spear.
* * * LOW HITPOINT WARNING * * *
You die...

#..........>..
#.............
#..###..####..
###..###..#
+......'..#
#....[.#..#
#####)##..#
#.##g.##...
#.s.g......
+...g......
###########


You could see 3 gnolls.

Vanquished Creatures
  Edmund (D:4)
  A black bear (D:4)
  A howler monkey (D:4)
  A gnoll shaman (D:4)
  Ijyb (D:3)
  An orc wizard (D:4)
  6 adders
  3 worms
  6 dart slugs
  3 orcs
  5 bats
  7 endoplasms
  5 giant cockroaches
  4 hobgoblins
  8 kobolds
  2 quokkas
  6 ball pythons
  3 frilled lizards (D:2)
  9 goblins
  2 rats (D:1)
75 creatures vanquished.

Notes
Turn   | Place    | Note
-------+----------+-------------------------------------------
     0 | D:1      | kae the Draconian Transmuter began the quest for the Orb.
     0 | D:1      | Reached XP level 1. HP: 16/16 MP: 3/3
   257 | D:1      | Reached XP level 2. HP: 22/23 MP: 3/5
   859 | D:1      | Reached XP level 3. HP: 29/29 MP: 6/6
   860 | D:1      | Noticed a floating eye
   862 | D:1      | Noticed a floating eye
   864 | D:1      | Found a faded altar of an unknown god.
   865 | D:1      | Noticed a great orb of eyes
   865 | D:1      | Noticed an eye of devastation
  1699 | D:2      | Reached XP level 4. HP: 34/36 MP: 5/7
  2493 | D:3      | Found a runed translucent door.
  2497 | D:3      | Noticed earlgrey's ghost (amateur DEHu)
  2525 | D:3      | Learned a level 3 spell: Spider Form
  2542 | D:3      | Reached skill level 4 in Unarmed Combat
  2663 | D:3      | Noticed Ijyb
  2684 | D:3      | Killed Ijyb
  2685 | D:3      | Reached XP level 5. HP: 30/42 MP: 2/8
  3200 | D:4      | Noticed Edmund
  3219 | D:4      | Killed Edmund
  3220 | D:4      | Reached skill level 1 in Poison Magic
  3220 | D:4      | Reached XP level 6. HP: 27/50 MP: 4/10
  3422 | D:4      | Found a burning altar of Makhleb.
  3551 | D:4      | Learned a level 4 spell: Ice Form
  3721 | D:4      | HP: 2/50 [gnoll/+0 spear (2)]
  3721 | D:4      | Succumbed to a gnoll's poison

Illustrated notes

Levels and vault maps discovered:
D:1:      dpeg_arrival_stonehenge_8_columns, layout_basic, serial_glass,
          glass_columns_b, glass_columns_a,
          hellmonk_ecumenical_altar_watching_god
D:2:      layout_basic, minmay_misc_feat_columns, minmay_cut_off
D:3:      layout_basic, hellmonk_ghost_happy_afterlife, minmay_close_crescents,
          uniq_ijyb
D:4:      layout_gridville, mainiacjoe_overflow_24_doors,
          nicolae_overflow_crystal_walls, ebering_ghost_inner_flame, uniq_edmund

Skill      XL: |  1  2  3  4  5  6 |
---------------+-------------------+-----
Dodging        | 2 |  2.7
Fighting       | 2 |  2.9
Transmutations | 3 |  3.9
Unarmed Combat | 4 |  4.7
Poison Magic   | 1 2 |  2.0
Spellcasting   | 3 |  3.0
Ice Magic      | |  0.2

Action                   |  1- 3 |  4- 6 || total
-------------------------+-------+-------++-------
Melee: Unarmed           |   125 |   142 ||   267
       Kick              |    18 |    25 ||    43
       Headbutt          |    14 |    12 ||    26
       Tailslap          |     9 |    12 ||    21
       Punch             |     1 |     2 ||     3
 Cast: Beastly Appendage |    24 |    20 ||    44
       Spider Form       |       |     4 ||     4
  Use: Scroll            |     4 |     4 ||     8
       Potion            |       |     2 ||     2
Armor: Skin              |    53 |    46 ||    99
Dodge: Dodged            |    97 |   114 ||   211

Table legend: (Time is in decaauts)
 A = Elapsed time spent in this place.
 B = Non-inter-level travel time spent in this place.
 C = Inter-level travel time spent in this place.
 D = Time resting spent in this place.
 E = Time spent auto-exploring this place.
 F = Levels seen in this place.
 G = Mean time per level.
                   A        B        C        D        E       F      G
               +--------+--------+--------+--------+--------+-----+--------+
         Total |   3702 |   3649 |     53 |    122 |   2906 |   4 |  925.5 |
       Dungeon |   3702 |   3649 |     53 |    122 |   2906 |   4 |  925.5 |
               +--------+--------+--------+--------+--------+-----+--------+

Top non-repeatable levels by time:
     D:3: 1163 daAuts
     D:1: 1040 daAuts
     D:2: 856 daAuts
     D:4: 642 daAuts
